 Dungeon Crawl Stone Soup version 0.17-a0-18-gc25b939 (webtiles) character file.

82 Emanloe the Cutter (level 4, -7/36 HPs)
             Began as a Demonspawn Chaos Knight on Mar 10, 2015.
             Mangled by a gnoll
             ... wielding a +0 halberd
              (9 damage)
             ... on level 3 of the Dungeon.
             The game lasted 00:10:58 (1425 turns).

Emanloe the Cutter (Demonspawn Chaos Knight)        Turns: 1425, Time: 00:10:59

Health: -7/36      AC:  6    Str: 13    XL:     4   Next: 21%
Magic:  4/4        EV:  9    Int: 13    God:    Xom [*.....]
Gold:   105        SH:  0    Dex: 13    Spells: 0 memorised, 3 levels left

rFire  . . .     SeeInvis .     a - +1 short sword (chaos)
rCold  . . .     Clarity  .     i - +0 scale mail
rNeg   . . .     SustAb   +     (no shield)
rPois  .         Gourm    .     (helmet restricted)
rElec  .         Spirit   .     (no cloak)
rCorr  .         Warding  .     (no gloves)
rMut   .         Stasis   .     (no boots)
MR     .....                    (no amulet)
Stlth  ..........               (no ring)
                                e - ring of sustain abilities

@: not resistant to hostile enchantments, extremely unstealthy
A: antennae 1, claws 1, hooves 1
a: Renounce Religion


You were on level 3 of the Dungeon.
You worshipped Xom.
You were a special plaything of Xom.
You were hungry.

You visited 1 branch of the dungeon, and saw 3 of its levels.

You collected 105 gold pieces.

Inventory:

Hand weapons
 a - a +1 short sword of chaos (weapon)
Armour
 i - a +0 scale mail (worn)
Jewellery
 e - a ring of sustain abilities (left claw)
Scrolls
 f - a scroll of remove curse
 h - a scroll of identify
Comestibles
 b - a beef jerky
 c - 3 bread rations


   Skills:
 + Level 3.6 Fighting
 * Level 3.6 Short Blades
 + Level 2.0 Armour
 + Level 1.6 Dodging
 + Level 0.2 Stealth


You had 3 spell levels left.
You didn't know any spells.

Dungeon Overview and Level Annotations

Branches:
Dungeon (3/15)

Altars:


Innate Abilities, Weirdness & Mutations

You have a pair of small antennae on your head.
You have sharp fingernails.
You have large cloven feet.


Message History

You closely miss the gnoll.
The gnoll is heavily wounded.
The gnoll hits you with a halberd.
You closely miss the gnoll.
The gnoll is heavily wounded.
The gnoll hits you with a halberd.
* * * LOW HITPOINT WARNING * * *
You hit the gnoll but do no damage.
The gnoll is heavily wounded.
You aren't carrying any potions.
The gnoll hits you from afar with a halberd.
* * * LOW HITPOINT WARNING * * *
Your butterfly disappears in a puff of smoke!
You offer a prayer to Xom.
Xom says: I'm watching you, my red-headed step child.
Read which item? (? for menu, Esc to quit)
As you read the scroll of fog, it crumbles to dust.
The scroll dissolves into smoke.
The gnoll hits you from afar with a halberd!
You die...

##############
#..............
#.####.#######
#.# . #g### #.
#§§§# #. #@#.# #.
#§#.### #.
###§#...#
#.##.......####.
#................
##.....†......#.
#.##########...
#.......... ...
#.#########


You could see a gnoll.

Vanquished Creatures
  An adder (D:2)
  2 gnolls (D:3)
  2 worms
  2 giant geckos
  8 bats
  2 giant cockroaches (D:1)
  3 hobgoblins
  A ball python (D:1)
  5 giant newts
  4 goblins (D:2)
  4 jackals (D:2)
  5 kobolds
  8 rats
47 creatures vanquished.

Notes
Turn   | Place    | Note
--------------------------------------------------------------
     0 | D:1      | Emanloe, the Demonspawn Chaos Knight, began the quest for the Orb.
     0 | D:1      | Reached XP level 1. HP: 18/18 MP: 1/1
    74 | D:1      | Gained mutation: You have a pair of small antennae on your head. [demonic ancestry]
    74 | D:1      | Reached XP level 2. HP: 20/24 MP: 2/2
    94 | D:1      | Reached skill level 1 in Dodging
   220 | D:1      | XOM: divination: detect creatures
   242 | D:1      | XOM: divination: detect creatures
   495 | D:2      | Gained mutation: You have large cloven feet. [demonic ancestry]
   495 | D:2      | Reached XP level 3. HP: 24/29 MP: 3/3
  1286 | D:2      | XOM: harmless Fire miscast
  1393 | D:3      | XOM: butterfly on damage
  1406 | D:3      | Gained mutation: You have sharp fingernails. [demonic ancestry]
  1406 | D:3      | Reached XP level 4. HP: 28/36 MP: 4/4
  1419 | D:3      | HP: 1/36 [gnoll/halberd (4)]
  1425 | D:3      | Mangled by a gnoll

Action                   |  1- 3 |  4- 6 || total
-------------------------+-------+-------++-------
Melee: Short sword       |   169 |     8 ||   177
  Use: Potion            |     3 |       ||     3
       Scroll            |     7 |     1 ||     8
 Stab: Petrifying        |     1 |       ||     1
  Eat: Pizza             |     1 |       ||     1
